 Dungeon Crawl Stone Soup version 0.24.1-4-ge52af88ad5 (webtiles) character file.

Game seed: 14504610423901979468, levelgen mode: deterministic

389717 ChadusMaximus the Executioner (level 22, -25/357 HPs)
             Began as a Minotaur Berserker on Apr 12, 2020.
             Was the Champion of Trog.
             Annihilated by a white very ugly thing (51 damage)
             ... summoned by an orange crystal statue
             ... on level 1 of the Depths.
             The game lasted 01:34:42 (42119 turns).

ChadusMaximus the Executioner (Minotaur Berserker) Turns: 42119, Time: 01:34:42

Health: -25/357    AC: 39    Str: 33    XL:     22   Next: 7%
Magic:  7/22       EV: 11    Int:  6    God:    Trog [******]
Gold:   1895       SH:  0    Dex: 14    Spells: 22/22 levels left

rFire    + . .     SeeInvis +   H - +6 broad axe (freeze)
rCold    . . .     Gourm    .   Y - +0 shield {reflect}
rNeg     . . .     Faith    .   d - +0 crystal plate armour
rPois    +         Spirit   .   z - +3 crown of Dyrovepreva {rElec Int+2 SInv}
rElec    +         Reflect  +   W - +2 cloak {rF+}
rCorr    .         Harm     .   (no gloves)
MR       +....                  T - +0 pair of boots {run}
Stlth    ..........             R - amulet of Vitality {Regen+ HP+15}
HPRegen  1.09/turn              s - +6 ring of slaying
MPRegen  0.18/turn              w - +4 ring of protection

@: confused, berserking, very quick
A: retaliatory headbutt, horns 2, talons 1, rugged brown scales 1, poison
resistance
}: 2/15 runes: serpentine, barnacled
a: Berserk, Trog's Hand, Brothers in Arms, Renounce Religion


You were on level 1 of the Depths.
You worshipped Trog.
Trog was exalted by your worship.
You were not hungry.

You visited 8 branches of the dungeon, and saw 37 of its levels.
You also visited: Bailey, Ice Cave and Volcano.

You collected 4841 gold pieces.
You spent 2946 gold pieces at shops.

Inventory:

Hand Weapons
 H - a +6 broad axe of freezing (weapon)
Missiles
 Q - 14 throwing nets (quivered)
Armour
 d - a +0 crystal plate armour (worn)
 z - the +3 crown of Dyrovepreva (worn) {rElec Int+2 SInv}
   (You found it on level 4 of the Dungeon)

   It affects your intelligence (+2).
   It insulates you from electricity.
   It lets you see invisible.
 T - a +0 pair of boots of running (worn)
 W - a +2 cloak of fire resistance (worn)
 Y - a +0 shield of reflection (worn)
Jewellery
 q - an uncursed ring of positive energy
 s - a +6 ring of slaying (left hand)
 w - a +4 ring of protection (right hand)
 D - a +5 ring of evasion
 K - an uncursed ring of resist corrosion
 R - the amulet of Vitality (around neck) {Regen+ HP+15}
   (You bought it in a shop on level 2 of the Snake Pit)

   [amulet of regeneration]

   It affects your health (+15).
   It increases your rate of regeneration.
Wands
 b - a wand of polymorph (22)
 g - a wand of enslavement (29)
 B - a wand of paralysis (44)
 E - a wand of disintegration (66)
 J - a wand of iceblast (12)
 U - a wand of digging (12)
Scrolls
 a - 2 scrolls of blinking
 k - 9 scrolls of enchant weapon
 m - 19 scrolls of teleportation
 n - a scroll of holy word
 r - 4 scrolls of fear
 t - 5 scrolls of enchant armour
 v - 4 scrolls of remove curse
 x - a scroll of identify
 A - 4 scrolls of summoning
 F - a scroll of vulnerability
 N - 6 scrolls of fog
 O - 4 scrolls of magic mapping
 Z - a scroll of silence
Potions
 e - 3 potions of cancellation
 h - 2 potions of mutation
 i - 14 potions of haste
 j - 7 potions of curing
 l - 5 potions of brilliance
 o - 5 potions of flight
 p - 14 potions of heal wounds
 u - 2 potions of invisibility
 C - 5 potions of lignification
 G - 5 potions of magic
 I - 5 potions of resistance
 M - 7 potions of agility
 P - 4 potions of berserk rage
 S - 6 potions of might
 X - 2 potions of ambrosia
Miscellaneous
 f - a fan of gales
 L - a phial of floods
 V - 2 phantom mirrors
Comestibles
 c - 40 rations


   Skills:
 + Level 22.8 Fighting
 + Level 25.2 Axes
 + Level 1.2 Throwing
 + Level 19.2 Armour
 + Level 7.2 Dodging
 + Level 3.6 Stealth
 + Level 18.8 Shields
 + Level 1.3 Unarmed Combat
 + Level 0.7 Spellcasting
 + Level 1.5 Evocations


You had 22 spell levels left.
You didn't know any spells.
Your spell library contained the following spells:

 Spells                   Type           Power        Failure   Level  Hunger
 Sandblast                Erth           #.....       99%         1    ##.....
 Summon Small Mammal      Summ           #...         99%         1    ##.....
 Call Imp                 Summ           #.......     99%         2    ###....
 Passwall                 Tmut/Erth      #.......     99%         2    ###....
 Shroud of Golubria       Chrm/Tloc      #.....       99%         2    ###....
 Call Canine Familiar     Summ           #.......     100%        3    ####...
 Ignite Poison            Fire/Tmut/Pois #.......     100%        3    ####...
 Portal Projectile        Hex/Tloc       #.....       100%        3    ####...
 Recall                   Summ/Tloc      N/A          100%        3    ####...
 Stone Arrow              Conj/Erth      #.....       100%        3    ####...
 Summon Guardian Golem    Hex/Summ       #.......     100%        3    ####...
 Leda's Liquefaction      Hex/Erth       #.........   100%        4    #####..
 Petrify                  Tmut/Erth      #.......     100%        4    #####..
 Summon Ice Beast         Ice/Summ       #.......     100%        4    #####..
 Summon Lightning Spire   Summ/Air       #.......     100%        4    #####..
 Fireball                 Conj/Fire      #.........   100%        5    ######.
 Lee's Rapid Deconstruct  Erth           #.........   100%        5    ######.
 Bolt of Fire             Conj/Fire      #.........   100%        6    #######
 Dispersal                Tloc           #.........   100%        6    #######
 Malign Gateway           Summ/Tloc      #.........   100%        7    #######
 Ring of Flames           Chrm/Fire      #.........   100%        7    #######
 Ignition                 Fire           #.........   100%        8    #######


Dungeon Overview and Level Annotations

Branches:
Dungeon (15/15)            Temple (1/1) D:5            Lair (6/6) D:10
 Shoals (4/4) Lair:3        Snake (4/4) Lair:2        Slime (0/5) Lair:6
    Orc (2/2) D:9             Elf (0/3) Orc:2        Vaults (4/5) D:13
  Crypt (0/3) Vaults:2     Depths (1/5) D:15         Bailey (visited)
  IceCv (visited)         Volcano (visited)

Altars:
Ashenzari
Cheibriados
Dithmenos
Elyvilon
Fedhas
Gozag
Hepliaklqana
Kikubaaqudgha
Makhleb
Nemelex Xobeh
Okawaru
Qazlal
Ru
Sif Muna
Trog
Uskayaw
Vehumet
Xom
Yredelemnul
Zin
The Shining One
Beogh

Shops:
D:6 !   D:10 :   D:13 !   Orc:2 *!*[   Snake:1 [   Snake:2 =!*   Vaults:1 !
Vaults:2 %

Annotations:
Depths:1 exclusion: orange crystal statue


Innate Abilities, Weirdness & Mutations

You reflexively headbutt those who attack you in melee.
You have a pair of horns on your head.
You have sharp toenails.
You are partially covered in rugged brown scales. (AC +1, +3% HP)
Your system is resistant to poisons. (rPois)


Message History

The white very ugly thing barely misses you.
Unknown command.
You slash the white very ugly thing!
You feel the power of Trog in you as your rage grows.
You kill the white very ugly thing!
The white very ugly thing's corpse dissolves into shadows!
You closely miss the deep troll earth mage.
You closely miss the deep troll.
You closely miss the white very ugly thing.
The deep troll earth mage bites you but does no damage.
The deep troll earth mage claws you but does no damage. x2
You bump into the rock wall.
The deep troll bites you but does no damage.
The deep troll claws you but does no damage.
The deep troll claws you.
* * * LOW HITPOINT WARNING * * *
The white very ugly thing pecks you!
* * * LOW HITPOINT WARNING * * *
The white very ugly thing freezes you!!!
You die...

#.!..
#>..###
...........#
..T#.?....#
#.........#
#...8....#
#.T.....#
#.......#
#TTu....#
#.@C....#
###...###
#...# ##.##
.# .. ###


You could see a white very ugly thing, a stone giant, an orange crystal statue,
3 deep trolls and a deep troll earth mage.

Vanquished Creatures
  Mara (Snake:3)
  Saint Roka (Orc:2)
  An Ice Fiend (IceCv)
  Frances (Snake:1)
  2 storm dragons (Vaults:2)
  The ghost of Kagalorn the Spry, an adept GnCK of Xom (Shoals:1)
  Gastronok (Lair:2)
  A kraken (Shoals:1)
  A shadow dragon (Vaults:2)
  The ghost of Sagen the Devastator, an adept DrCj of Vehumet (Snake:3)
  Donald (Snake:1)
  7 nagarajas
  Kirke (Lair:6)
  The ghost of 4FPSwarrior the Green Death, an adept DsMo of Fedhas (Shoals:3)
  13 vault wardens
  2 frost giants
  A fire giant (Vaults:3)
  7 ironheart preservers
  2 very ugly things (Vaults:4)
  A war gargoyle (Vaults:2)
  6 stone giants
  2 entropy weavers
  4 dire elephants
  A deep elf demonologist (Vaults:2)
  Nessos (D:13)
  A vampire knight (Vaults:2)
  A red draconian (Volcano)
  2 deep elf annihilators
  3 ettins
  9 merfolk javelineers
  A deep elf death mage (Vaults:3)
  An ettin (shapeshifter) (Vaults:2)
  A crystal guardian (Vaults:3)
  A fire dragon (Vaults:1)
  11 merfolk impalers
  Josephine (Orc:1)
  21 vault guards
  Harold (D:11)
  A great orb of eyes (Vaults:1)
  A rakshasa (Vaults:3)
  Erolcha (Orc:1)
  15 naga warriors
  2 yaktaur captains
  7 hydras
  A catoblepas (Lair:6)
  2 alligator snapping turtles (Shoals:4)
  2 ice dragons
  Erica (Lair:2)
  6 centaur warriors
  5 merfolk aquamancers
  15 anacondas
  9 ogre magi
  A tengu warrior (Shoals:4)
  5 merfolk avatars
  A death knight (D:12)
  3 satyrs
  34 two-headed ogres
  16 naga sharpshooters
  13 shock serpents
  A dancing weapon (Shoals:3)
  5 orc high priests (Orc:2)
  An iron troll (D:13)
  2 skeletal warriors
  9 salamander mystics
  5 deep elf knights
  3 deep trolls (Vaults:2)
  3 unseen horrors
  A glowing orange brain (Vaults:2)
  A shadow wraith (Vaults:4)
  2 wizards (Vaults:3)
  8 sea snakes
  4 naga ritualists
  17 ironbrand convokers
  20 harpies
  4 lindwurms (Snake:4)
  A lindwurm (shapeshifter) (Vaults:2)
  8 deep elf archers
  3 phantasmal warriors
  4 wolf spiders
  21 orc knights
  20 mana vipers
  5 cyclopes
  14 deep elf magi
  36 ugly things
  11 manticores
  12 slime creatures
  18 fauns
  A salamander (shapeshifter) (Vaults:1)
  An orc sorcerer (Vaults:4)
  18 salamanders
  Joseph (D:7)
  Maurice (D:8)
  4 ice statues (IceCv)
  12 vault sentinels
  8 merfolk sirens
  A centaur zombie (D:14)
  4 elephants (Lair:6)
  43 black mambas
  A spiny frog (shapeshifter) (Vaults:1)
  2 molten gargoyles (Volcano)
  10 guardian serpents
  23 naga magi
  A torpor snail (Lair:3)
  A gargoyle (D:11)
  A storm dragon simulacrum (Vaults:2)
  8 spiny frogs
  5 water nymphs
  A rime drake (Lair:5)
  25 yaktaurs
  A redback zombie (D:14)
  10 komodo dragons
  An efreet (D:13)
  A golden dragon simulacrum (IceCv)
  11 freezing wraiths
  4 kobold demonologists (D:14)
  12 ice devils (IceCv)
  A tengu conjurer (Shoals:4)
  6 wind drakes
  5 trolls
  A wind drake (shapeshifter) (D:13)
  2 polar bears
  42 merfolk
  2 jumping spiders (shapeshifter)
  11 blink frogs
  6 hornets
  9 snapping turtles
  A harpy skeleton (D:15)
  9 hippogriffs
  A hippogriff (shapeshifter) (Vaults:1)
  5 dream sheep
  A blink frog (shapeshifter) (Vaults:3)
  3 shadows
  A spriggan (shapeshifter) (Vaults:1)
  4 redbacks (Vaults:3)
  11 water elementals
  A spriggan (D:7)
  61 yaks
  8 wraiths
  Eustachio (D:4)
  A basilisk (D:15)
  2 fire bats (Volcano)
  5 wyverns
  5 hogs (Lair:6)
  3 hungry ghosts
  A basilisk (shapeshifter) (Vaults:2)
  4 harpy simulacra (IceCv)
  8 wargs
  3 acid dragons
  A soldier ant (shapeshifter) (Vaults:2)
  51 nagas
  2 soldier ants
  A floating eye (Vaults:2)
  3 hydra simulacra (IceCv)
  10 porcupines
  9 water moccasins
  46 orc warriors
  4 ice beasts
  2 hornet zombies
  3 sky beasts
  3 black bears
  An eye of draining (shapeshifter) (D:15)
  A sky beast (shapeshifter) (Vaults:3)
  22 ogres
  3 phantoms
  12 wolves
  2 ettin simulacra (IceCv)
  2 eyes of draining
  9 centaurs
  13 crocodiles
  2 big kobolds
  19 bullfrogs
  A wyvern skeleton (D:13)
  6 scorpions
  A human simulacrum (Vaults:1)
  9 killer bees
  16 wights
  A howler monkey (D:8)
  An electric eel (D:8)
  7 lava snakes (Volcano)
  9 crimson imps
  A quasit (D:10)
  16 jellies
  Crazy Yiuf (D:4)
  39 orc priests
  6 centaur skeletons
  10 hounds
  5 bullfrog skeletons
  Terence (D:2)
  2 iguanas
  23 orc wizards
  10 worker ants
  2 hound zombies
  A hound skeleton (D:7)
  A worker ant zombie (D:10)
  A howler monkey skeleton (D:8)
  15 adders
  4 shadow imps
  3 oozes
  3 worms
  An adder skeleton (D:4)
  A dart slug (D:1)
  9 leopard geckos
  109 orcs
  2 bats (D:1)
  3 giant cockroaches
  15 goblins
  9 hobgoblins
  14 jackals
  4 quokkas
  A ball python (D:2)
  5 frilled lizards
  12 kobolds
  A leopard gecko skeleton (D:6)
  2 quokka skeletons
  15 rats
  2 crawling corpses (Vaults:3)
  A fungus (Lair:3)
  13 plants
  2 tentacles (Shoals:1)
1568 creatures vanquished.

Vanquished Creatures (collateral kills)
  Jorgrun (Orc:2)
  2 ironheart preservers
  A dire elephant (Lair:6)
  A merfolk javelineer (Shoals:4)
  A vault guard (Vaults:4)
  A merfolk aquamancer (Shoals:3)
  A death knight (D:11)
  A satyr (Shoals:3)
  2 deep elf magi (Vaults:3)
  4 orc knights
  A cyclops (Shoals:3)
  3 fauns (Shoals:3)
  2 merfolk sirens
  A freezing wraith (D:11)
  2 merfolk
  2 dream sheep (Shoals:3)
  A warg (Vaults:3)
  4 orc warriors
  An orc (Vaults:3)
32 creatures vanquished.

Vanquished Creatures (others)
  A yaktaur captain (Vaults:1)
  A centaur warrior (Vaults:3)
  A satyr (Shoals:4)
  3 naga sharpshooters
  An ironbrand convoker (Vaults:3)
  A deep elf archer (Vaults:2)
  2 fauns (Shoals:1)
  A yaktaur (Vaults:2)
  A merfolk (Shoals:4)
  2 orc warriors (Bailey)
  A centaur (Shoals:4)
  11 fungi
  6 plants
  12 tentacles (Shoals:1)
44 creatures vanquished.

Grand Total: 1644 creatures vanquished

Notes
Turn   | Place    | Note
-------+----------+-------------------------------------------
     0 | D:1      | ChadusMaximus the Minotaur Berserker began the quest for
                  | the Orb.
     0 | D:1      | Reached XP level 1. HP: 19/19 MP: 0/0
   339 | D:1      | Reached XP level 2. HP: 27/27 MP: 1/1
   368 | D:1      | Reached skill level 4 in Axes
   808 | D:1      | Reached XP level 3. HP: 33/33 MP: 2/2
   899 | D:2      | Reached ** piety under Trog
  1128 | D:2      | Found a glowing golden altar of the Shining One.
  1159 | D:2      | Reached XP level 4. HP: 41/41 MP: 3/3
  1216 | D:2      | Found a white marble altar of Elyvilon.
  1322 | D:2      | Reached skill level 5 in Axes
  1805 | D:2      | Noticed Terence
  1812 | D:2      | Killed Terence
  2220 | D:3      | Reached XP level 5. HP: 39/47 MP: 4/4
  2482 | D:3      | Reached *** piety under Trog
  2721 | D:3      | Reached skill level 5 in Fighting
  3061 | D:3      | Reached XP level 6. HP: 56/56 MP: 5/5
  3065 | D:3      | Reached skill level 1 in Shields
  3065 | D:3      | Reached skill level 6 in Axes
  3329 | D:4      | You fall into a shaft and drop 2 floors!
  3330 | D:6      | Noticed an ice beast
  3335 | D:6      | Noticed a sky beast
  3346 | D:6      | Noticed an orc warrior
  3353 | D:6      | Reached skill level 5 in Armour
  3355 | D:6      | Killed an ice beast
  3355 | D:6      | Reached XP level 7. HP: 40/61 MP: 6/6
  3358 | D:5      | Entered Level 5 of the Dungeon
  3370 | D:5      | Reached skill level 7 in Axes
  3660 | D:5      | Found a staircase to the Ecumenical Temple.
  3874 | D:5      | Reached **** piety under Trog
  3893 | D:5      | Reached XP level 8. HP: 61/70 MP: 7/7
  4089 | D:4      | Noticed Eustachio
  4104 | D:4      | Killed Eustachio
  4308 | D:4      | Found the +3 crown of Dyrovepreva {rElec Int+2 SInv}
  4310 | D:4      | Reached skill level 8 in Axes
  4656 | D:4      | Found a runed translucent door.
  4657 | D:4      | Noticed Crazy Yiuf
  4732 | D:4      | Killed Crazy Yiuf
  4853 | D:5      | You fall into a shaft and drop 2 floors!
  5000 | D:7      | Reached skill level 1 in Stealth
  5089 | D:7      | Reached skill level 9 in Axes
  5288 | D:7      | Reached XP level 9. HP: 77/78 MP: 8/8
  5497 | D:5      | Reached ***** piety under Trog
  5892 | D:6      | Reached skill level 10 in Axes
  5985 | D:6      | Found Xenaruw's Distillery.
  5993 | D:6      | Bought a potion of mutation for 80 gold pieces
  6080 | D:6      | Found a sparkling altar of Nemelex Xobeh.
  6080 | D:6      | Found a bloodstained altar of Trog.
  6085 | D:6      | Received a gift from Trog
  6139 | D:6      | Noticed a moth of wrath
  6141 | D:6      | Found a bloodstained altar of Trog.
  6285 | D:7      | Noticed Joseph
  6294 | D:7      | Killed Joseph
  6294 | D:7      | Reached skill level 5 in Dodging
  6807 | D:8      | Noticed Maurice
  6815 | D:8      | Paralysed by Maurice for 6 turns
  6822 | D:8      | Killed Maurice
  6822 | D:8      | Reached skill level 11 in Axes
  7305 | D:8      | Reached XP level 10. HP: 88/88 MP: 9/9
  7510 | D:8      | Found a glowing silver altar of Zin.
  7511 | D:8      | Found a radiant altar of Vehumet.
  7873 | D:9      | Got a sapphire flail
  8191 | D:9      | Found a staircase to the Orcish Mines.
  8195 | D:9      | Reached skill level 12 in Axes
  8938 | D:9      | Gained mutation: You are weak. (Str -2) [potion of
                  | mutation]
  8938 | D:9      | Gained mutation: You have a somewhat thin skeletal
                  | structure. (Dex +2, Stealth) [potion of mutation]
  8938 | D:9      | Gained mutation: You are somewhat resistant to further
                  | mutation. [potion of mutation]
  8939 | D:9      | Lost mutation: You are somewhat resistant to further
                  | mutation. [potion of mutation]
  8939 | D:9      | Lost mutation: You are weak. (Str -2) [potion of mutation]
  8939 | D:9      | Gained mutation: You have sharp toenails. [potion of
                  | mutation]
  8939 | D:9      | Gained mutation: Your system is resistant to poisons.
                  | (rPois) [potion of mutation]
  8939 | D:9      | Gained mutation: You have razor-sharp toenails. [potion of
                  | mutation]
  8940 | D:9      | Lost mutation: You have a somewhat thin skeletal structure.
                  | (Dex +2, Stealth) [potion of mutation]
  8940 | D:9      | Lost mutation: You have razor-sharp toenails. [potion of
                  | mutation]
  8940 | D:9      | Gained mutation: You expend magic power (3 MP) to
                  | strengthen your wands. [potion of mutation]
  8940 | D:9      | Gained mutation: Your spells are a little harder to cast,
                  | but a little more powerful. [potion of mutation]
  8941 | D:9      | Lost mutation: You have sharp toenails. [potion of
                  | mutation]
  8941 | D:9      | Lost mutation: Your spells are a little harder to cast, but
                  | a little more powerful. [potion of mutation]
  8941 | D:9      | Gained mutation: You are partially covered in slimy green
                  | scales. (AC +2) [potion of mutation]
  8941 | D:9      | Gained mutation: You can translocate small distances at
                  | will. [potion of mutation]
  8942 | D:9      | Lost mutation: You are partially covered in slimy green
                  | scales. (AC +2) [potion of mutation]
  8942 | D:9      | Lost mutation: You expend magic power (3 MP) to strengthen
                  | your wands. [potion of mutation]
  8942 | D:9      | Lost mutation: You can translocate small distances at will.
                  | [potion of mutation]
  8942 | D:9      | Gained mutation: You have sharp toenails. [potion of
                  | mutation]
  8942 | D:9      | Gained mutation: You are partially covered in rugged brown
                  | scales. (AC +1, +3% HP) [potion of mutation]
  8948 | D:10     | Entered Level 10 of the Dungeon
  8952 | D:10     | Noticed a two-headed ogre
  8961 | D:10     | Killed a two-headed ogre
  8968 | D:10     | Reached skill level 13 in Axes
  8970 | D:10     | Found a staircase to the Lair.
  9020 | D:10     | Noticed a two-headed ogre
  9025 | D:10     | Killed a two-headed ogre
  9025 | D:10     | Reached skill level 10 in Armour
  9155 | D:10     | Reached XP level 11. HP: 99/99 MP: 10/10
  9211 | D:10     | Noticed a two-headed ogre
  9224 | D:10     | Killed a two-headed ogre
  9294 | D:10     | Reached skill level 14 in Axes
  9312 | D:10     | Found Hucvirgh's Book Emporium.
  9870 | D:11     | Reached skill level 5 in Shields
  9967 | D:11     | Noticed Harold
  9975 | D:11     | Killed Harold
 10141 | D:11     | Noticed a death knight
 10142 | D:11     | Noticed a skeletal warrior
 10149 | D:11     | Killed a death knight
 10149 | D:11     | Reached skill level 10 in Fighting
 10152 | D:11     | Killed a skeletal warrior
 10425 | D:11     | Noticed a red ugly thing
 10428 | D:11     | Killed a red ugly thing
 10777 | D:11     | Reached skill level 15 in Axes
 11212 | D:12     | Noticed a white ugly thing
 11215 | D:12     | Noticed a two-headed ogre
 11219 | D:12     | Killed a white ugly thing
 11223 | D:12     | Killed a two-headed ogre
 11496 | D:12     | Noticed a cyan ugly thing
 11499 | D:12     | Killed a cyan ugly thing
 11499 | D:12     | Reached XP level 12. HP: 103/111 MP: 11/11
 11610 | D:12     | Noticed a death knight
 11622 | D:12     | Reached skill level 16 in Axes
 11626 | D:12     | Killed a death knight
 11626 | D:12     | Received a gift from Trog
 12155 | D:13     | Noticed a centaur warrior
 12162 | D:13     | Killed a centaur warrior
 12259 | Lair:1   | Entered Level 1 of the Lair of Beasts
 12891 | Lair:2   | Found a staircase to the Snake Pit.
 12894 | Lair:2   | Noticed Erica
 12911 | Lair:2   | Killed Erica
 12911 | Lair:2   | Reached skill level 17 in Axes
 13196 | Lair:2   | Noticed Gastronok
 13205 | Lair:2   | Killed Gastronok
 13205 | Lair:2   | Reached XP level 13. HP: 121/121 MP: 12/12
 13719 | Lair:3   | Identified the +10 flail of Mentyng {elec, rElec MR+ Dex+4}
                  | (You found it on level 9 of the Dungeon)
 14145 | Lair:3   | Received a gift from Trog
 14328 | Lair:3   | Reached skill level 18 in Axes
 14478 | Lair:3   | Found a staircase to the Shoals.
 15701 | Lair:5   | Received a gift from Trog
 16093 | Lair:6   | Entered Level 6 of the Lair of Beasts
 16139 | Lair:6   | Noticed Kirke
 16181 | Lair:6   | Killed Kirke
 16181 | Lair:6   | Reached XP level 14. HP: 115/132 MP: 13/13
 16209 | Lair:6   | Reached skill level 19 in Axes
 16245 | Lair:6   | Found a staircase to the Slime Pits.
 17806 | Lair:6   | Identified the Almanac of Displacement and Creation
 18110 | Temple   | Entered the Ecumenical Temple
 18427 | D:13     | Received a gift from Trog
 18515 | D:13     | Noticed Nessos
 18523 | D:13     | Killed Nessos
 18967 | D:13     | Found Xaule's Distillery.
 19332 | D:13     | Found a gate to the Vaults.
 19532 | D:14     | Found a flagged portal.
 19547 | Bailey   | Entered a bailey
 19594 | Bailey   | Reached skill level 15 in Fighting
 20051 | Bailey   | Reached XP level 15. HP: 122/145 MP: 14/14
 20443 | D:15     | Entered Level 15 of the Dungeon
 20603 | D:15     | Reached skill level 20 in Axes
 20712 | D:15     | Reached ****** piety under Trog
 20716 | D:15     | Received a gift from Trog
 20909 | D:15     | Found a shadowy altar of Dithmenos.
 21121 | D:15     | Found a staircase to the Depths.
 21448 | Orc:1    | Entered Level 1 of the Orcish Mines
 21469 | Orc:1    | Noticed Erolcha
 21471 | Orc:1    | Found a dark tunnel.
 21475 | Orc:1    | Noticed Josephine
 21480 | Orc:1    | Killed Erolcha
 21491 | Orc:1    | Killed Josephine
 21491 | Orc:1    | Reached skill level 10 in Shields
 21503 | Volcano  | Entered a volcano
 21793 | Volcano  | Found a bloodstained altar of Trog.
 22287 | Orc:1    | Found a roughly hewn altar of Beogh.
 22481 | Orc:2    | Entered Level 2 of the Orcish Mines
 22481 | Orc:2    | Noticed Jorgrun
 22499 | Orc:2    | Killed Jorgrun
 22515 | Orc:2    | Found a staircase to the Elven Halls.
 22744 | Orc:2    | Received a gift from Trog
 22825 | Orc:2    | Noticed Saint Roka
 23050 | Orc:2    | Killed Saint Roka
 23372 | Orc:2    | Reached skill level 15 in Armour
 23550 | Orc:2    | Reached XP level 16. HP: 116/156 MP: 15/15
 23848 | Orc:2    | Found Plog's Antique Armour Emporium.
 23848 | Orc:2    | Found Hiudixum's General Store.
 23849 | Orc:2    | Found Siclisum's General Store.
 23849 | Orc:2    | Found Sophipov's Distillery.
 23860 | Orc:2    | Bought the +7 large shield of Eternal Vigilance {rCorr
                  | Dex+2 Slay+2} for 1099 gold pieces
 23940 | Orc:2    | Found a burning altar of Makhleb.
 24672 | Shoals:1 | Entered Level 1 of the Shoals
 24919 | Shoals:1 | Noticed a kraken
 25474 | Shoals:1 | Found a large runed translucent door.
 25477 | Shoals:1 | Found a large runed translucent door.
 25481 | Shoals:1 | Noticed Kagalorn's ghost (adept GnCK)
 25514 | Shoals:1 | Killed Kagalorn's ghost
 25514 | Shoals:1 | Received a gift from Trog
 25549 | Shoals:1 | Reached skill level 21 in Axes
 26097 | Shoals:1 | Killed a kraken
 26406 | Shoals:2 | Found a frozen archway.
 26424 | IceCv    | Entered an ice cave
 27082 | IceCv    | Noticed an Ice Fiend
 27091 | IceCv    | Killed an Ice Fiend
 27242 | IceCv    | Got an ivory demon whip
 27244 | IceCv    | Identified the +1 demon whip of Urgency {elec, rPois MP-9
                  | Stlth+} (You found it in an ice cave)
 27752 | Shoals:2 | Reached skill level 1 in Throwing
 27752 | Shoals:2 | Reached skill level 1 in Unarmed Combat
 27752 | Shoals:2 | Reached skill level 1 in Evocations
 27752 | Shoals:2 | Reached XP level 17. HP: 166/166 MP: 15/17
 27960 | Shoals:3 | Received a gift from Trog
 28904 | Shoals:3 | Found a runed translucent door.
 28905 | Shoals:3 | Found a shimmering altar of Xom.
 28905 | Shoals:3 | Noticed 4FPSwarrior's ghost (adept DsMo)
 29053 | Shoals:3 | Killed 4FPSwarrior's ghost
 29144 | Shoals:3 | Reached XP level 18. HP: 167/176 MP: 18/18
 29550 | Shoals:3 | Received a gift from Trog
 29789 | Shoals:4 | Entered Level 4 of the Shoals
 30641 | Shoals:4 | Reached skill level 22 in Axes
 30830 | Shoals:4 | Got a barnacled rune of Zot
 30959 | Shoals:4 | Received a gift from Trog
 31362 | Shoals:4 | Received a gift from Trog
 31691 | Snake:1  | Entered Level 1 of the Snake Pit
 31770 | Snake:1  | Found Bawoar's Armour Shop.
 32064 | Snake:1  | Identified Saesak Ici's Almanac of the Voyage and Clay
 32175 | Snake:1  | Noticed Donald
 32191 | Snake:1  | Killed Donald
 32557 | Snake:1  | Noticed Frances
 32570 | Snake:1  | Killed Frances
 32845 | Snake:2  | Found Lixtiuf's Jewellery Shop.
 32847 | Snake:2  | Found Zofamuaj's Distillery.
 32849 | Snake:2  | Found Irruxieso's Assorted Antiques.
 33267 | Snake:2  | Reached XP level 19. HP: 180/187 MP: 19/19
 34151 | Snake:2  | Bought the amulet of Vitality {Regen+ HP+15} for 1422 gold
                  | pieces
 34151 | Snake:2  | Found the amulet of Vitality {Regen+ HP+15}
 34239 | Snake:3  | Found an iron altar of Okawaru.
 34537 | Snake:3  | Received a gift from Trog
 34538 | Snake:3  | Noticed Mara
 34548 | Snake:3  | Noticed ChadusMaximus's illusion
 34556 | Snake:3  | Killed Mara
 34556 | Snake:3  | Reached skill level 15 in Shields
 34897 | Snake:3  | Found a runed translucent door.
 34897 | Snake:3  | Noticed Sagen's ghost (adept DrCj)
 34923 | Snake:3  | Killed Sagen's ghost
 34931 | Snake:3  | Got a polished spear
 34933 | Snake:3  | Identified the cursed +3 spear "Rukim" {flame, rC+ Dex-2
                  | SInv} (You found it on level 3 of the Snake Pit)
 35167 | Snake:4  | Entered Level 4 of the Snake Pit
 35171 | Snake:4  | Reached skill level 23 in Axes
 35218 | Snake:4  | Received a gift from Trog
 35484 | Snake:4  | Got a bloodstained hand axe {god gift}
 35485 | Snake:4  | Identified the +9 hand axe of Fallacy {freeze, rElec rPois
                  | MR+} (Trog gifted it to you on level 4 of the Snake Pit)
 35915 | Snake:4  | Received a gift from Trog
 35941 | Snake:4  | Reached XP level 20. HP: 194/199 MP: 20/20
 36217 | Snake:4  | Got a serpentine rune of Zot
 36700 | Vaults:1 | Entered Level 1 of the Vaults
 36773 | Vaults:1 | Received a gift from Trog
 36860 | Vaults:1 | Found Vuthiapo's Distillery.
 36868 | Vaults:1 | Bought 2 potions of heal wounds for 150 gold pieces
 36868 | Vaults:1 | Bought a potion of heal wounds for 75 gold pieces
 36868 | Vaults:1 | Bought a potion of ambrosia for 120 gold pieces
 37557 | Vaults:1 | Identified a +0 pair of boots of running (You found it on
                  | level 1 of the Vaults)
 37755 | Vaults:2 | Received a gift from Trog
 38049 | Vaults:2 | Received a gift from Trog
 38057 | Vaults:2 | Reached skill level 24 in Axes
 38445 | Vaults:2 | Reached XP level 21. HP: 211/211 MP: 21/21
 38507 | Vaults:2 | Found the +5 scythe "Finisher" {speed, eviscerate}
 38507 | Vaults:2 | Found the +12 Vampire's Tooth {vamp}
 38569 | Vaults:2 | Found the +7 captain's cutlass {speed, disarm}
 38664 | Vaults:2 | Got an encrusted chain mail
 38666 | Vaults:2 | Identified the +5 chain mail of the Iron City of Dis {rC+
                  | SInv} (You found it on level 2 of the Vaults)
 38736 | Vaults:2 | Found Hohyoheu's Food Emporium.
 38942 | Vaults:2 | Received a gift from Trog
 39216 | Vaults:2 | Found a staircase to the Crypt.
 39216 | Vaults:2 | Found an ancient bone altar of Kikubaaqudgha.
 39217 | Vaults:2 | Found a basalt altar of Yredelemnul.
 39654 | Vaults:3 | Received a gift from Trog
 39905 | Vaults:3 | Found a burning altar of Makhleb.
 40420 | Vaults:3 | Received a gift from Trog
 40588 | Vaults:3 | Received a gift from Trog
 40888 | Vaults:4 | Received a gift from Trog
 41003 | Vaults:4 | Reached skill level 25 in Axes
 41317 | Vaults:4 | Reached XP level 22. HP: 223/223 MP: 22/22
 42101 | Depths:1 | Entered Level 1 of the Depths
 42119 | Depths:1 | Annihilated by a white very ugly thing

Levels and vault maps discovered:
D:1:      psy_arrival_spokes, layout_loops_ring
D:2:      mumra_celtic_spiral_tile, layout_basic, marbit_many_paths,
          elyvilon_altar_5, chequers_hall_statues_wall_a, corexii_corridor_pit,
          uniq_terence
D:3:      layout_basic, first_ration
D:4:      layout_basic, minmay_quantized, uniq_crazy_yiuf_cottage,
          uniq_eustachio
D:5:      layout_cave_pods, minmay_temple_entry_crystal_x
D:6:      layout_rooms, amethyst_overflow_temple_binary, serial_shops,
          nicolae_shop_competitors_out_of_business, tgw_trog
D:7:      layout_loops_corners, the_bakery, uniq_joseph
D:8:      layout_loops_corners, gammafunk_temple_overflow_statue,
          mrwooster_statue_mirror, chequers_arboretum, kennysheep_donut,
          uniq_maurice
D:9:      layout_grid_maze, david_orc_2
D:10:     layout_roguey, erik_lair_orcish_takeover, serial_shops,
          kennysheep_little_box, lemuel_old_faithful
D:11:     layout_grid_maze, uniq_harold
D:12:     layout_loops_ring
D:13:     layout_roguey, david_vaults_4, serial_shops, nicolae_shop_trees,
          chequers_avenue, uniq_nessos
D:14:     layout_big_octagon, enter_bailey_3, grunt_decor_mini_mirrors
D:15:     hangedman_depths_entry_try_elsewhere_first, layout_basic,
          grunt_dithmenos_smoke
Temple:   eino_temple_scatter_basement
Lair:1:   layout_regular_city
Lair:2:   layout_loops_ring, guppyfry_snake_entry_island, uniq_gastronok,
          uniq_erica
Lair:3:   layout_cave_pods, elwin_shoals_entry_stream,
          nicolae_lair_grove_arrangements, beast_lair_carwin_1
Lair:4:   layout_loops_ring, grunt_megastairs_5
Lair:5:   layout_loops_ring
Lair:6:   due_jungle_book, layout_concentric_octagons,
          minmay_slime_entry_jelly_boxes, minivault_11, uniq_kirke
Shoals:1: layout_shoals, ebering_ghost_disaster_area, nicolae_shoals_mertower
Shoals:2: layout_shoals, portal_ice_cave_entry_frozen_things, uniq_ilsuiw
Shoals:3: layout_shoals, ebering_ghost_xom, nicolae_shoals_flooded_hall
Shoals:4: shoals_end_hangedman, layout_shoals, abandoned_shop, kb_tengu_band
Snake:1:  layout_cave_pods, serial_shops, shop, uniq_frances, uniq_donald
Snake:2:  layout_layer_cave, grunt_megastairs_2, minmay_shop_star
Snake:3:  hangedman_cross_stitches, layout_cave_town, basic_altar,
          gammafunk_ghost_grave, st_stairs_9, uniq_mara
Snake:4:  snake_pit_salamanders_mu, layout_rooms, lemuel_fruit_tree
Orc:1:    layout_caves, basic_altar, nicolae_volcano_entry_lava_flow,
          uniq_josephine, uniq_erolcha
Orc:2:    st_orc_pillars, layout_diamond_mine, bloody_makhleb, uniq_saint_roka,
          uniq_jorgrun
Vaults:1: hangedman_vaults_corner, nicolae_vaults_diagonal_hallway_6,
          st_smaller_cells, ontoclasm_vaults_ligature, v_misc_29,
          vaults_room_grid, v_pattern_2, v_misc_5, layout_vaults_big_room,
          serial_shops, shop_fountains
Vaults:2: ontoclasm_vaults_bender, grunt_vaults_diagonal, st_greater_box_4,
          ontoclasm_vaults_hangar, nicolae_vaults_hallways_thing,
          nicolae_vaults_circle_grid_b, minmay_crypt_entry_necro_gods,
          v_misc_14, v_alt_pattern_5, vaults_room_pools,
          ontoclasm_vaults_misaligned, v_misc_15,
          vaults_room_grunt_arrival_checkpoint, vaults_room_corners,
          layout_vaults_big_cross, serial_shops, shop
Vaults:3: v_misc_11, hangedman_vaults_stitches, ontoclasm_vaults_pinch,
          v_misc_12, hangedman_vaults_slice, vaults_room_semicircle, v_misc_15,
          nicolae_vaults_border_crossing, vaults_dpeg_ring,
          ontoclasm_vaults_ring_small, v_misc_19, nicolae_vaults_angled_halls,
          v_alt_pattern_1, v_misc_10, layout_vaults_maze_bifur, basic_altar
Vaults:4: vaults_room_pools, nicolae_vaults_windows_and_doors_thing,
          vaults_dpeg_encased_lava, v_misc_12, v_misc_5,
          hangedman_vaults_impose, v_misc_8, hangedman_vaults_corner_blocks,
          nicolae_vaults_little_squares_2, serial_ice_b, vaults_dpeg_diagonal,
          grunt_vaults_bifocal, nicolae_vaults_meeting, vaults_room_fours,
          layout_vaults_ring
Depths:1: layout_twisted_cross, serial_bayou_ford_a, grunt_pan_entry_in_and_out,
          hell_entry, gammafunk_ghost_icy, dpeg_stationary_puzzle

Skill      XL: |  1  2  3  4  5  6  7  8  9 10 11 12 13 14 15 16 17 18 19 20 21 |
---------------+----------------------------------------------------------------+-----
Fighting       | 4 5 6 8 9 10 12 13 15 16 17 19 20 21 22 | 22.8
Axes           | 4 5 6 7 9 11 13 15 17 18 19 20 21 22 23 24 25 | 25.2
Armour         | 3 4 5 6 7 8 10 11 12 13 14 15 16 17 18 19 | 19.2
Shields        | 1 2 4 5 6 7 8 10 12 14 16 17 18 | 18.8
Dodging        | 3 4 5 6 7 |  7.2
Stealth        | 1 2 3 |  3.6
Throwing       | 1 |  1.2
Unarmed Combat | 1 |  1.3
Evocations     | 1 |  1.5
Spellcasting   | |  0.7

Action                   |  1- 3 |  4- 6 |  7- 9 | 10-12 | 13-15 | 16-18 | 19-21 | 22-24 || total
-------------------------+-------+-------+-------+-------+-------+-------+-------+-------++-------
Melee: Hand axe          |    79 |   141 |   122 |       |       |       |       |       ||   342
       Headbutt          |    10 |    17 |    42 |    56 |   173 |   195 |   308 |    15 ||   816
       War axe           |       |       |    61 |       |       |       |       |       ||    61
       Broad axe         |       |       |    44 |   317 |   747 |   759 |  1159 |    55 ||  3081
       Kick              |       |       |       |    87 |   277 |   287 |   230 |       ||   881
Invok: Berserk           |       |     3 |     2 |     3 |     6 |     6 |     5 |     1 ||    26
       Trog's Hand       |       |       |     1 |     2 |     8 |     8 |     5 |       ||    24
       Brothers in Arms  |       |       |       |     1 |     5 |     2 |     4 |       ||    12
Evoke: Wand              |       |       |     1 |       |     2 |       |       |       ||     3
       Fan of gales      |       |       |       |       |     1 |       |       |       ||     1
  Use: Scroll            |       |       |    11 |     6 |    17 |     3 |     9 |       ||    46
       Potion            |       |       |       |     5 |       |     1 |       |       ||     6
 Stab: Distracted        |       |       |       |       |       |     2 |     2 |       ||     4
  Eat: Chunk             |       |     6 |     5 |    16 |    22 |    23 |    24 |     1 ||    97
       Ration            |       |     1 |     3 |     3 |     6 |     7 |     2 |     1 ||    23
Armor: Ring mail         |    18 |       |       |       |       |       |       |       ||    18
       Scale mail        |    11 |    63 |    81 |    14 |       |       |       |       ||   169
       Chain mail        |       |       |       |    91 |    47 |       |       |       ||   138
       Plate armour      |       |       |       |       |   289 |   350 |       |       ||   639
       Crystal plate arm |       |       |       |       |       |    31 |   479 |    19 ||   529
Dodge: Dodged            |    37 |    77 |   116 |   118 |   225 |   217 |   240 |     8 ||  1038
Block: Large shield      |     5 |       |       |       |       |       |       |       ||     5
       Buckler           |    11 |    22 |    33 |    60 |    66 |       |       |       ||   192
       Shield            |       |       |       |       |   226 |   451 |   692 |    30 ||  1399
       Reflection        |       |       |       |       |    23 |    68 |   110 |     6 ||   207
